 Dungeon Crawl Stone Soup version 0.18.1-50-g88ac8fd (webtiles) character file.

719 magog001 the Shield-Bearer (level 7, -1/61 HPs)
             Began as a Minotaur Fighter on July 19, 2018.
             Slain by Pikel
             ... wielding a +2 whip of electrocution
              (2 damage)
             ... on level 5 of the Dungeon.
             The game lasted 00:16:42 (3384 turns).

magog001 the Shield-Bearer (Minotaur Fighter)       Turns: 3384, Time: 00:16:43

Health: -1/61      AC: 14    Str: 27    XL:     7   Next: 42%
Magic:  6/6        EV:  6    Int:  5    God:
Gold:   294        SH: 11    Dex: 13    Spells: 0 memorised, 6 levels left

rFire  . . .     SeeInvis .     a - +0 war axe
rCold  . . .     Gourm    .     e - +0 chain mail
rNeg   . . .     Faith    .     c - +0 shield
rPois  .         Spirit   .     (helmet restricted)
rElec  .         Dismiss  .     E - +0 cloak
rCorr  .         Reflect  .     k - +0 pair of gloves
SustAt .         Harm     .     (no boots)
MR     .....                    (no amulet)
Stlth  ..........               w - +3 ring of dexterity
                                j - +2 ring of protection

@: mighty, drained, not resistant to hostile enchantments, extremely unstealthy
A: retaliatory headbutt, horns 2
a: no special abilities


You were on level 5 of the Dungeon.
You were not hungry.

You visited 1 branch of the dungeon, and saw 5 of its levels.

You collected 294 gold pieces.

Inventory:

Hand Weapons
 a - a +0 war axe (weapon)
 h - a +3 short sword of holy wrath
 y - a +0 arbalest
 J - a +1 short sword of speed
Missiles
 o - 32 sling bullets
 v - 5 needles of confusion
 D - 7 javelins (quivered)
Armour
 c - a +0 shield (worn)
 e - a +0 chain mail (worn)
 k - a +0 pair of gloves (worn)
 E - a +0 cloak (worn)
Jewellery
 j - a +2 ring of protection (left hand)
 w - a +3 ring of dexterity (right hand)
Wands
 K - a wand of digging (13/24)
Scrolls
 m - 3 scrolls of remove curse
 n - a scroll of enchant armour {unknown}
 p - 3 scrolls of identify
 q - a scroll of immolation {unknown}
 s - 2 scrolls of blinking {unknown}
 t - a scroll of teleportation {unknown}
 u - a scroll of enchant weapon {unknown}
 x - a scroll of noise {unknown}
Potions
 b - a potion of magic {unknown}
 l - 2 potions of curing {unknown}
 r - a potion of invisibility {unknown}
 z - 2 potions of brilliance {unknown}
 B - 3 potions of degeneration {unknown}
 C - a potion of heal wounds {unknown}
 F - 2 potions of berserk rage {unknown}
 I - 2 potions of mutation {unknown}
 L - a potion of agility {unknown}
Comestibles
 f - 5 bread rations
 g - 12 fruits
 i - 3 meat rations
 A - a royal jelly
 G - a slice of pizza
 H - 2 chunks of flesh


   Skills:
 * Level 5.6(4.7) Fighting
 * Level 5.5(4.6) Axes
 * Level 5.9(4.9) Armour
 - Level 0.2(0.0) Dodging
 + Level 0.1(0.0) Stealth
 * Level 6.6(5.6) Shields


You had 6 spell levels left.
You didn't know any spells.

Dungeon Overview and Level Annotations

Branches:
Dungeon (5/15)
 Temple: D:4-7

Altars:
Dithmenos
Gozag
Pakellas
Yredelemnul

Shops:
D:4 %

Annotations:
D:5 Pikel


Innate Abilities, Weirdness & Mutations

You reflexively headbutt those who attack you in melee.
You have a pair of horns on your head.


Message History

Pikel is moderately wounded.
You block Pikel's attack. x2
You hit Pikel.
Pikel is moderately wounded.
Pikel hits you but does no damage.
You hit Pikel.
Pikel is moderately wounded.
Pikel hits you with a whip of electrocution.
* * * LOW HITPOINT WARNING * * *
You hit Pikel.
Pikel is heavily wounded.
You block Pikel's attack. Pikel barely misses you.
Drink which item? (? for menu, Esc to quit)
You feel very mighty all of a sudden. Pikel hits you but does no damage.
You are electrocuted!
* * * LOW HITPOINT WARNING * * *
You barely miss Pikel.
Pikel is heavily wounded.
Pikel hits you with a whip of electrocution.
You die...

######## ##......#
#####...###.##########
.....................#
###.#...#####.######.#
#........@#.######.##
#...#.####K#.).......#
...#.#. #p########(.#
## . .. #p# #..# . ###
#p# #..# #.
#.########.(#
#...........#
##########..# ##..#


You could see Pikel and 3 slaves.

Vanquished Creatures
  Grinder (D:4)
  Duvessa (D:4)
  A slave (D:5)
  An ogre (D:4)
  Blork the orc (D:5)
  The ghost of Amnesiac the Charlatan, an amateur VSAr (D:4)
  Dowan (D:4)
  An orc priest (D:4)
  An orc wizard (D:4)
  3 adders
  A howler monkey skeleton (D:4)
  2 adder skeletons (D:4)
  3 worms
  A dart slug (D:2)
  3 giant geckos
  6 orcs
  2 ball pythons
  6 giant cockroaches
  2 hobgoblins
  8 jackals
  A quokka (D:2)
  11 bats
  A giant newt (D:4)
  2 goblins (D:3)
  5 kobolds
  A quokka skeleton (D:5)
  6 rats
73 creatures vanquished.

Notes
Turn   | Place    | Note
--------------------------------------------------------------
     0 | D:1      | magog001 the Minotaur Fighter began the quest for the Orb.
     0 | D:1      | Reached XP level 1. HP: 19/19 MP: 0/0
    97 | D:1      | Reached XP level 2. HP: 25/27 MP: 1/1
   254 | D:1      | Reached skill level 4 in Shields
   644 | D:2      | Reached XP level 3. HP: 32/33 MP: 2/2
   892 | D:2      | Found a faded altar to an unknown god.
  1292 | D:2      | Reached XP level 4. HP: 35/41 MP: 3/3
  1739 | D:3      | Found an oddly glowing altar of Pakellas.
  1797 | D:3      | Found an opulent altar of Gozag.
  2052 | D:4      | Found a basalt altar of Yredelemnul.
  2084 | D:4      | Noticed Amnesiac's ghost (amateur VSAr)
  2086 | D:4      | Found a shadowy altar of Dithmenos.
  2094 | D:4      | Killed Amnesiac's ghost
  2094 | D:4      | Reached skill level 5 in Shields
  2094 | D:4      | Reached XP level 5. HP: 38/47 MP: 4/4
  2499 | D:4      | Noticed an ogre
  2501 | D:4      | Noticed Grinder
  2511 | D:4      | Killed an ogre
  2511 | D:4      | Reached XP level 6. HP: 32/55 MP: 5/5
  2521 | D:4      | Killed Grinder
  2521 | D:4      | Reached skill level 5 in Fighting
  2521 | D:4      | Reached skill level 5 in Axes
  2521 | D:4      | Reached skill level 5 in Armour
  2521 | D:4      | Reached skill level 6 in Shields
  2837 | D:4      | Found Amooquc's Food Boutique.
  2840 | D:4      | Noticed Duvessa
  2840 | D:4      | Noticed Dowan
  2855 | D:4      | Reached XP level 7. HP: 61/61 MP: 6/6
  2864 | D:4      | Killed Duvessa
  2870 | D:4      | Killed Dowan
  3155 | D:5      | Entered Level 5 of the Dungeon
  3314 | D:5      | Noticed Blork the orc
  3337 | D:5      | Killed Blork the orc
  3372 | D:5      | Noticed Pikel
  3383 | D:5      | HP: 1/61 [Pikel/whip of electrocution (16)]
  3384 | D:5      | Slain by Pikel

Skill      XL: |  1  2  3  4  5  6 |
---------------+-------------------+-----
Shields        | 4 5 6 |  6.6
Fighting       | 4 5 |  5.6
Armour         | 4 5 |  5.9
Axes           | 3 4 5 |  5.5
Dodging        | |  0.2
Stealth        | |  0.1

Action                   |  1- 3 |  4- 6 |  7- 9 || total
-------------------------+-------+-------+-------++-------
Melee: War axe           |    92 |    78 |    36 ||   206
       Headbutt          |    12 |    15 |     6 ||    33
  Use: Scroll            |       |       |     2 ||     2
       Potion            |       |       |     1 ||     1
  Eat: Chunk             |     1 |       |     1 ||     2
       Meat ration       |       |     1 |       ||     1
       Beef jerky        |       |       |     1 ||     1
Armor: Scale mail        |    17 |       |       ||    17
       Chain mail        |    53 |    37 |    17 ||   107
Dodge: Dodged            |    25 |    20 |     6 ||    51
Block: Shield            |    71 |    40 |    19 ||   130
